 Dungeon Crawl Stone Soup version 0.26.0-18-gc5c842f807 (webtiles) character file.

Game seed: 4851498224482341621

8 iamoutofideas the Chiller (level 2, 10/19 HPs)
             Began as a Demonspawn Ice Elementalist on Jan 23, 2021.
             Quit the game on level 1 of the Dungeon.
             The game lasted 00:00:34 (678 turns).

iamoutofideas the Chiller (DsIE)                     Turns: 678, Time: 00:00:35

Health: 10/19      AC:  2    Str:  8    XL:     2   Next: 0%
Magic:  1/5        EV: 12    Int: 16    God:
Gold:   11         SH:  0    Dex: 13    Spells: 4/5 levels left

rFire    . . .     SeeInvis .   f - +1 dagger (drain)
rCold    . . .     Faith    .   (no shield)
rNeg     . . .     Spirit   .   a - +0 robe
rPois    .         Reflect  .   (no helmet)
rElec    .         Harm     .   (no cloak)
rCorr    +         Rampage  .   (no gloves)
Will     .....                  (no boots)
Stlth    ++........             (no amulet)
HPRegen  0.06/turn              k - ring of resist corrosion
MPRegen  0.09/turn              (no ring)

@: no status effects
A: demonic guardian 1
a: no special abilities


You were on level 1 of the Dungeon.
You visited 1 branch of the dungeon, and saw 1 of its levels.

You collected 11 gold pieces.

Inventory:

Hand Weapons
 f - a +1 dagger of draining (weapon)
Armour
 a - a +0 robe (worn)
Jewellery
 k - a ring of resist corrosion (left hand)
Scrolls
 b - a scroll of enchant weapon {unknown}
 c - a scroll of immolation {unknown}
 h - 2 scrolls of identify {unknown}
Potions
 d - a potion of mutation {unknown}
 e - a potion of haste {unknown}
 g - a potion of degeneration {unknown}
 i - a potion of might {unknown}
 j - a potion of brilliance {unknown}


   Skills:
 + Level 2.0 Dodging
 + Level 1.8 Stealth
 + Level 2.0 Spellcasting
 + Level 3.8 Ice Magic


You had 4 spell levels left.
You knew the following spells:

 Your Spells              Type           Power        Failure   Level
a - Freeze                Ice            56%          4%          1

Your spell library contained the following spells:

 Spells                   Type           Power        Failure   Level
 Frozen Ramparts          Ice            28%          13%         3
 Ozocubu's Armour         Ice            14%          13%         3
 Hailstorm                Conj/Ice       7%           67%         4
 Summon Ice Beast         Ice/Summ       7%           67%         4


Dungeon Overview and Level Annotations

Branches:
Dungeon (1/15)

Altars:


Innate Abilities, Weirdness & Mutations

A weak demonic guardian rushes to your aid.


Message History

The jackal bites you but does no damage.
Casting: Freeze (safe; 4% risk of failure)
Confirm with . or Enter, or press ? or * to list all spells.
Aiming: Freeze (safe; 4% risk of failure)
Press: ? - help, Shift-Dir - straight line, f - jackal, p - jackal
Aim: a jackal You freeze the jackal.
The jackal is severely wounded.
The jackal closely misses you.
You closely miss the jackal.
The jackal is severely wounded.
You closely miss the jackal.
The jackal is severely wounded.
The jackal barely misses you. The jackal misses you.
Are you sure you want to abandon this character and quit the game? (Confirm with "yes".)
Okay, then.
Unknown command.
Unknown command.
Unknown command.
Are you sure you want to abandon this character and quit the game? (Confirm with "yes".)

#.....########.######..########.#
.....## #.# #.## #.# ####.# #.#
#.# #.# ... ..# #.# ###.# #...
.## ###.# ##...# #.. ##. #...#
#.[### #.. ####.### #.##
#.###....# #.#
#.#hh@###########.#
##.#h###...........# #..#.#
#.########### # ##....# #.# #
##.h#### #.# # ###...# #.# #
##...### #.# # ######..#.# #†# #
#......##.# ####.### #


You could see 3 jackals.

Vanquished Creatures
  A ball python (D:1)
  A giant cockroach (D:1)
  A goblin (D:1)
  A jackal (D:1)
  3 kobolds (D:1)
7 creatures vanquished.

Notes
Turn   | Place    | Note
-------+----------+-------------------------------------------
     0 | D:1      | iamoutofideas the Demonspawn Ice Elementalist began the
                  | quest for the Orb.
     0 | D:1      | Reached XP level 1. HP: 13/13 MP: 3/3
   653 | D:1      | Gained mutation: A weak demonic guardian rushes to your
                  | aid. [demonic ancestry]
   653 | D:1      | Reached XP level 2. HP: 16/19 MP: 1/5
   678 | D:1      | Quit the game

Illustrated notes

Levels and vault maps discovered:
D:1:      dpeg_arrival_houses_and_road, layout_rooms, minmay_hedge_maze,
          minmay_misc_feat_doors

Skill      XL: |  1 |
---------------+----+-----
Dodging        | 2 |  2.0
Stealth        | |  1.8
Spellcasting   | |  2.0
Ice Magic      | |  3.8

Action                   || total
-------------------------++-------
Melee: Dagger            ||     6
       Unarmed           ||     2
 Cast: Freeze            ||    13
Armor: Robe              ||     4
Dodge: Dodged            ||    24
